 Dungeon Crawl Stone Soup version 0.31-a0-1-g4198be8af4 (webtiles) character file.

Game seed: 5796830606542247063

999 ytrimaz the Ducker (level 8, -2/59 (63) HPs)
             Began as a Gnoll Gladiator on May 2, 2023.
             Killed by divine providence
             ... invoked by an orc priest
              (13 damage)
             ... on level 5 of the Dungeon.
             The game lasted 00:03:51 (4148 turns).

ytrimaz the Ducker (Gnoll Gladiator)                Turns: 4148, Time: 00:03:52

HP:   -2/59 (63)    AC:  5    Str: 13    XL:     8   Next: 19%
MP:   12/12         EV: 14    Int: 11    God:
Gold: 208           SH:  0    Dex: 13    Spells: 13/13 levels left

rFire   . . .        a - +0 war axe
rCold   . . .        (no shield)
rNeg    . . .        b - +0 leather armour
rPois   .            c - +1 helmet
rElec   .            (no cloak)
rCorr   +            (no gloves)
SInv    .            (no boots)
Will    .....        o - amulet of regeneration
Stlth   ++           v - ring of resist corrosion
HPRegen 1.09/turn    (no ring)
MPRegen 0.13/turn

%: no passive effects
@: drained
A: fangs 1, strong nose, distributed training
a: no special abilities


You were on level 5 of the Dungeon.
You visited 1 branch of the dungeon, and saw 5 of its levels.

You collected 208 gold pieces.


Innate Abilities, Weirdness & Mutations

You have very sharp teeth.
Your uncanny sense of smell can sniff out nearby items.
Your experience applies equally to all skills.


   Skills:
 + Level 5.6 Fighting
 + Level 3.1 Short Blades
 + Level 3.1 Long Blades
 + Level 7.3 Axes
 + Level 3.1 Maces & Flails
 + Level 3.1 Polearms
 + Level 3.1 Staves
 + Level 3.1 Ranged Weapons
 + Level 5.6 Throwing
 + Level 3.1 Armour
 + Level 7.3 Dodging
 + Level 3.1 Stealth
 + Level 3.1 Shields
 + Level 3.1 Unarmed Combat
 + Level 3.1 Spellcasting
 + Level 2.5 Conjurations
 + Level 2.5 Hexes
 + Level 2.5 Summonings
 + Level 2.5 Necromancy
 + Level 2.5 Translocations
 + Level 2.5 Transmutations
 + Level 2.5 Fire Magic
 + Level 2.5 Ice Magic
 + Level 2.5 Air Magic
 + Level 2.5 Earth Magic
 + Level 2.5 Poison Magic
 + Level 3.5 Invocations
 + Level 3.1 Evocations


You had 13 spell levels left.
You didn't know any spells.
Your spell library was empty.

Inventory:

Hand Weapons
 a - a +0 war axe (weapon)
Missiles
 d - 4 throwing nets
 e - a javelin
 s - 3 curare-tipped darts (quivered)
Armour
 b - a +0 leather armour (worn)
 c - a +1 helmet (worn)
Jewellery
 g - an amulet of guardian spirit
   (You found it on level 1 of the Dungeon)
 o - an amulet of regeneration (around neck)
   (You found it on level 5 of the Dungeon)
 v - a ring of resist corrosion (left hand)
   (You found it on level 5 of the Dungeon)
Wands
 f - a wand of charming (2)
   (You found it on level 4 of the Dungeon)
 y - a wand of quicksilver (12)
   (You found it on level 4 of the Dungeon)
Scrolls
 i - a scroll of teleportation
 j - 2 scrolls of amnesia
 l - 3 scrolls of poison
 p - a scroll of enchant armour
 A - 2 scrolls of enchant weapon {unknown}
Potions
 h - 3 potions of flight
 k - a potion of attraction {unknown}
 m - a potion of berserk rage
 n - 4 potions of curing
 q - a potion of experience {unknown}
 r - a potion of haste {unknown}
 t - a potion of cancellation {unknown}
 u - a potion of resistance {unknown}
 w - a potion of heal wounds {unknown}
 x - a potion of ambrosia {unknown}

Dungeon Overview and Level Annotations

Branches:
Dungeon (5/15) Zot: 25799
 Temple: D:4-7

Altars:
Qazlal

#........#......#
#>.......#......#
#........#......#
#........#......#
+........'....[.. #
#........#......# #
#........{o......
##############'#.#####.#
)..............#@# #
...########......#
.................#
.................#
...........#####.#
...........# #.#
...........# #.#
...........# #.#
...........### .#


You could see an orc priest.


Message History

You slash the orc!
You kill the orc!
The orc wizard gestures at you while chanting.
The puff of flame hits you. 😕 HP[-3]
You take 3 damage, and now have 60/63 hp.
The orc wizard barely misses you.
The orc wizard gestures wildly while chanting.
The orc wizard flickers and vanishes!
Deactivating autopickup; reactivate with Ctrl-A.
There is an open door here. 😕 HP[+1]
You closely miss the orc wizard. x2
The orc wizard casts a spell at you. The magic dart hits you.
The orc wizard barely misses you.
The orc wizard hits you with a +3 dagger of draining.
You feel drained. The orc priest misses you. 😕 HP[-6]
You now have 62 max hp (-1).
You take 6 damage, and now have 55/62 hp.
You hit the orc priest but do no damage.
You closely miss the orc wizard. You hit something.
Something hits you but does no damage.
The orc wizard casts a spell.
The orc wizard flickers and vanishes!
The orc priest barely misses you. 😕 HP[+1]
You slash the orc priest! You hit something. You closely miss something.
Something hits you. The orc priest misses you. Something hits you.
You feel drained. 😕 HP[-4]
You now have 61 max hp (-1).
You take 4 damage, and now have 52/61 hp.
You closely miss the orc priest. Your bite misses the orc priest.
You barely miss something. You completely miss something.
Something hits you but does no damage. The orc priest closely misses you.
You hear some strange, mumbled words.
You are confused. 😕 HP[+1]
You completely miss the orc priest. You miss something.
You completely miss something. Something hits you. The orc priest misses you.
You hear some strange, mumbled words.
A puff of flame appears from out of thin air!
The puff of flame misses you. 😕 HP[-1]
You take 1 damage, and now have 52/61 hp.
You bump into the rock wall.
You hear some strange, mumbled words.
Something tries to affect you, but you resist.
The orc priest mumbles some strange prayers to Beogh against you.
Beogh smites you! Something hits you.
You feel drained. 😮 HP[-10]
You now have 60 max hp (-1).
You take 10 damage, and now have 42/60 hp.
You miss something. You closely miss something. You barely miss the orc priest.
Something hits you but does no damage.
The orc priest hits you but does no damage.
You are poisoned.
Something hits you.
You feel drained.
You now have 59 max hp (-1).
Something barely misses you.
You feel sick. The orc wizard casts a spell at you. The puff of flame hits you!
You hear some strange, mumbled words. 😮 HP[-11]
You take 11 damage, and now have 31/59 hp.
You feel sick.
The orc wizard points at you and mumbles some strange words.
The puff of flame hits you!
* * * LOW HITPOINT WARNING * * *
The orc priest miscasts a cantrip.
Things that are here:
a +0 club; a +0 leather armour; an orc corpse 😨 HP[-7]
You take 7 damage, and now have 24/59 hp.
Unknown command.
Unknown command.
You feel sick.
The orc wizard gestures at you while chanting.
The puff of flame misses you.
The orc priest invokes the aid of Beogh against you.
Pain shoots through your body!
* * * LOW HITPOINT WARNING * * *
😱 HP[-13]
You take 13 damage, and now have 11/59 hp.
MASSIVE DAMAGE!! (PAUSE)
You feel better. Something hits you.
* * * LOW HITPOINT WARNING * * *
😨 HP[+8]
You regained 8 hp, and now have 19/59 hp.
Unknown command.
You hear some strange, mumbled words.
A puff of flame appears from out of thin air!
The puff of flame hits you!
* * * LOW HITPOINT WARNING * * *
The orc priest invokes the aid of Beogh against you.
Beogh smites you!
You die...

Skill      XL: |  1  2  3  4  5  6  7 |
---------------+----------------------+-----
Invocations    | 1 2 3 |  3.5
Short Blades   | 1 2 3 |  3.1
Long Blades    | 1 2 3 |  3.1
Maces & Flails | 1 2 3 |  3.1
Polearms       | 1 2 3 |  3.1
Staves         | 1 2 3 |  3.1
Ranged Weapons | 1 2 3 |  3.1
Armour         | 1 2 3 |  3.1
Stealth        | 1 2 3 |  3.1
Shields        | 1 2 3 |  3.1
Unarmed Combat | 1 2 3 |  3.1
Spellcasting   | 1 2 3 |  3.1
Evocations     | 1 2 3 |  3.1
Conjurations   | 1 2 |  2.5
Hexes          | 1 2 |  2.5
Summonings     | 1 2 |  2.5
Necromancy     | 1 2 |  2.5
Translocations | 1 2 |  2.5
Transmutations | 1 2 |  2.5
Fire Magic     | 1 2 |  2.5
Ice Magic      | 1 2 |  2.5
Air Magic      | 1 2 |  2.5
Earth Magic    | 1 2 |  2.5
Poison Magic   | 1 2 |  2.5
Fighting       | 5 |  5.6
Throwing       | 5 |  5.6
Axes           | 7 |  7.3
Dodging        | 7 |  7.3

Action                     |  1- 3 |  4- 6 |  7- 9 || total
---------------------------+-------+-------+-------++-------
  Melee: War axe           |   104 |   102 |   109 ||   315
         Bite              |    10 |    11 |    16 ||    37
         Punch             |     2 |     1 |     2 ||     5
  Throw: Throwing net      |       |     1 |       ||     1
         Dart              |       |       |     1 ||     1
    Use: Scroll            |       |     3 |     5 ||     8
         Potion            |       |       |     2 ||     2
   Stab: Sleeping          |     1 |     3 |     4 ||     8
         Held in net/web   |       |     1 |       ||     1
 Armour: Leather armour    |    28 |    23 |    29 ||    80
  Dodge: Dodged            |    89 |    69 |   101 ||   259

Levels and vault maps discovered:
D:1:      dpeg_chamrin_arrival_tetris, layout_rooms, basic_ecumenical_altar
D:2:      layout_basic
D:3:      layout_loops_cross, nicolae_qazlal_general_emergency,
          nicolae_elevator_lobby_plus, uniq_grinder
D:4:      layout_loops_corners, kennysheep_nondescript, supply_closet_lemuel,
          st_stairs_7
D:5:      layout_basic, amethyst_overflow_temple_binary, temple_doors_e,
          roderic_serpentine_path

Notes
Turn   | Place    | Note
-------+----------+-------------------------------------------
     0 | D:1      | ytrimaz the Gnoll Gladiator began the quest for the Orb.
     0 | D:1      | Reached XP level 1. HP: 20/20 MP: 1/1
     0 | D:1      | magus.rc [v1.9.6]
    94 | D:1      | Found a faded altar of an unknown god.
   140 | D:1      | Reached XP level 2. HP: 21/26 MP: 2/2
   328 | D:1      | Reached XP level 3. HP: 12/31 MP: 0/3
   663 | D:2      | Reached skill level 1 in Invocations
   857 | D:2      | Reached skill level 1 in Short Blades
   857 | D:2      | Reached skill level 1 in Long Blades
   857 | D:2      | Reached skill level 1 in Maces & Flails
   857 | D:2      | Reached skill level 1 in Polearms
   857 | D:2      | Reached skill level 1 in Staves
   857 | D:2      | Reached skill level 1 in Ranged Weapons
   857 | D:2      | Reached skill level 1 in Armour
   857 | D:2      | Reached skill level 1 in Stealth
   857 | D:2      | Reached skill level 1 in Shields
   857 | D:2      | Reached skill level 1 in Unarmed Combat
   857 | D:2      | Reached skill level 1 in Spellcasting
   857 | D:2      | Reached skill level 1 in Evocations
  1628 | D:3      | Reached XP level 4. HP: 33/38 MP: 2/5
  1750 | D:3      | Reached skill level 1 in Conjurations
  1750 | D:3      | Reached skill level 1 in Hexes
  1750 | D:3      | Reached skill level 1 in Summonings
  1750 | D:3      | Reached skill level 1 in Necromancy
  1750 | D:3      | Reached skill level 1 in Translocations
  1750 | D:3      | Reached skill level 1 in Transmutations
  1750 | D:3      | Reached skill level 1 in Fire Magic
  1750 | D:3      | Reached skill level 1 in Ice Magic
  1750 | D:3      | Reached skill level 1 in Air Magic
  1750 | D:3      | Reached skill level 1 in Earth Magic
  1750 | D:3      | Reached skill level 1 in Poison Magic
  1941 | D:3      | Noticed Grinder
  1951 | D:3      | Killed Grinder
  1952 | D:3      | Reached skill level 5 in Fighting
  1952 | D:3      | Reached skill level 2 in Short Blades
  1952 | D:3      | Reached skill level 2 in Long Blades
  1952 | D:3      | Reached skill level 2 in Maces & Flails
  1952 | D:3      | Reached skill level 2 in Polearms
  1952 | D:3      | Reached skill level 2 in Staves
  1952 | D:3      | Reached skill level 2 in Ranged Weapons
  1952 | D:3      | Reached skill level 5 in Throwing
  1952 | D:3      | Reached skill level 2 in Armour
  1952 | D:3      | Reached skill level 2 in Stealth
  1952 | D:3      | Reached skill level 2 in Shields
  1952 | D:3      | Reached skill level 2 in Unarmed Combat
  1952 | D:3      | Reached skill level 2 in Spellcasting
  1952 | D:3      | Reached skill level 2 in Invocations
  1952 | D:3      | Reached skill level 2 in Evocations
  1952 | D:3      | Reached XP level 5. HP: 44/44 MP: 5/8
  1952 | D:3      | Reached XP level 6. HP: 51/51 MP: 5/9
  2086 | D:3      | Found a stormy altar of Qazlal.
  2954 | D:4      | Reached skill level 7 in Axes
  2954 | D:4      | Reached skill level 7 in Dodging
  2954 | D:4      | Reached XP level 7. HP: 56/56 MP: 10/10
  2965 | D:4      | Reached skill level 2 in Conjurations
  2965 | D:4      | Reached skill level 2 in Hexes
  2965 | D:4      | Reached skill level 2 in Summonings
  2965 | D:4      | Reached skill level 2 in Necromancy
  2965 | D:4      | Reached skill level 2 in Translocations
  2965 | D:4      | Reached skill level 2 in Transmutations
  2965 | D:4      | Reached skill level 2 in Fire Magic
  2965 | D:4      | Reached skill level 2 in Ice Magic
  2965 | D:4      | Reached skill level 2 in Air Magic
  2965 | D:4      | Reached skill level 2 in Earth Magic
  2965 | D:4      | Reached skill level 2 in Poison Magic
  3295 | D:4      | Reached skill level 3 in Invocations
  3916 | D:5      | Entered Level 5 of the Dungeon
  4020 | D:5      | Reached skill level 3 in Short Blades
  4020 | D:5      | Reached skill level 3 in Long Blades
  4020 | D:5      | Reached skill level 3 in Maces & Flails
  4020 | D:5      | Reached skill level 3 in Polearms
  4020 | D:5      | Reached skill level 3 in Staves
  4020 | D:5      | Reached skill level 3 in Ranged Weapons
  4020 | D:5      | Reached skill level 3 in Armour
  4020 | D:5      | Reached skill level 3 in Stealth
  4020 | D:5      | Reached skill level 3 in Shields
  4020 | D:5      | Reached skill level 3 in Unarmed Combat
  4020 | D:5      | Reached skill level 3 in Spellcasting
  4020 | D:5      | Reached skill level 3 in Evocations
  4020 | D:5      | Reached XP level 8. HP: 32/63 MP: 12/12
  4146 | D:5      | HP: 11/59 [orc priest/nerve-wracking pain (13)]
  4148 | D:5      | Killed from afar by an orc priest

Vanquished Creatures
  Grinder (D:3)
  A black bear (D:5)
  An ogre (D:5)
  2 scorpions
  5 hounds
  2 iguanas (D:4)
  2 orc wizards
  11 gnolls
  7 adders
  A worm (D:2)
  2 dart slugs
  6 orcs
  6 ball pythons
  4 endoplasms
  7 giant cockroaches
  2 goblins
  5 hobgoblins
  3 quokkas
  10 bats
  3 frilled lizards
  7 kobolds
  4 rats
92 creatures vanquished.

Table legend:
 A = Non-vault XP
 B = Vault XP
 C = Vault XP percentage of total XP
 D = Non-vault monster count
 E = Vault monster count
 F = Vault count percentage of total count
                 A         B        C        D         E       F
            +---------+---------+-------+---------+---------+-------
      Total |    1120 |     308 |  21.6 |      89 |       3 |   3.3
            +---------+---------+-------+---------+---------+-------
        D:1 |      44 |       0 |   0.0 |      20 |       0 |   0.0
        D:2 |      28 |       0 |   0.0 |      13 |       0 |   0.0
        D:3 |      88 |     281 |  76.2 |      22 |       1 |   4.3
        D:4 |     479 |      27 |   5.3 |      26 |       2 |   7.1
        D:5 |     481 |       0 |   0.0 |       8 |       0 |   0.0
            +---------+---------+-------+---------+---------+-------

Skill      XL: |  1  2  3  4  5  6  7 |
---------------+----------------------+-----
Invocations    | 1 2 3 |  3.5
Short Blades   | 1 2 3 |  3.1
Long Blades    | 1 2 3 |  3.1
Maces & Flails | 1 2 3 |  3.1
Polearms       | 1 2 3 |  3.1
Staves         | 1 2 3 |  3.1
Ranged Weapons | 1 2 3 |  3.1
Armour         | 1 2 3 |  3.1
Stealth        | 1 2 3 |  3.1
Shields        | 1 2 3 |  3.1
Unarmed Combat | 1 2 3 |  3.1
Spellcasting   | 1 2 3 |  3.1
Evocations     | 1 2 3 |  3.1
Conjurations   | 1 2 |  2.5
Hexes          | 1 2 |  2.5
Summonings     | 1 2 |  2.5
Necromancy     | 1 2 |  2.5
Translocations | 1 2 |  2.5
Transmutations | 1 2 |  2.5
Fire Magic     | 1 2 |  2.5
Ice Magic      | 1 2 |  2.5
Air Magic      | 1 2 |  2.5
Earth Magic    | 1 2 |  2.5
Poison Magic   | 1 2 |  2.5
Fighting       | 5 |  5.6
Throwing       | 5 |  5.6
Axes           | 7 |  7.3
Dodging        | 7 |  7.3

Action                     |  1- 3 |  4- 6 |  7- 9 || total
---------------------------+-------+-------+-------++-------
  Melee: War axe           |   104 |   102 |   109 ||   315
         Bite              |    10 |    11 |    16 ||    37
         Punch             |     2 |     1 |     2 ||     5
  Throw: Throwing net      |       |     1 |       ||     1
         Dart              |       |       |     1 ||     1
    Use: Scroll            |       |     3 |     5 ||     8
         Potion            |       |       |     2 ||     2
   Stab: Sleeping          |     1 |     3 |     4 ||     8
         Held in net/web   |       |     1 |       ||     1
 Armour: Leather armour    |    28 |    23 |    29 ||    80
  Dodge: Dodged            |    89 |    69 |   101 ||   259

Illustrated notes

Table legend:
 A = Kills in this place as a percentage of kills in the entire game.
 B = Kills by you in this place as a percentage of kills by you in the entire game.
 C = Kills by friends in this place as a percentage of kills by friends in the entire game.
 D = Other kills in this place as a percentage of other kills in the entire game.
 E = Experience gained in this place as a percentage of experience gained in the entire game.
 F = Experience gained in this place divided by the number of levels of this place that you have seen.
                   A       B       C       D       E      F
               +-------+-------+-------+-------+-------+----------------------
         Total | 100.0 | 100.0 |   N/A |   N/A | 100.0 | 285.6
       Dungeon | 100.0 | 100.0 |   N/A |   N/A | 100.0 | 285.6
               +-------+-------+-------+-------+-------+----------------------

Table legend: (Time is in decaauts)
 A = Elapsed time spent in this place.
 B = Non-inter-level travel time spent in this place.
 C = Inter-level travel time spent in this place.
 D = Time resting spent in this place.
 E = Time spent auto-exploring this place.
 F = Levels seen in this place.
 G = Mean time per level.
                   A        B        C        D        E       F      G
               +--------+--------+--------+--------+--------+-----+--------+
         Total |   4199 |   4094 |    105 |    133 |   3172 |   5 |  839.8 |
       Dungeon |   4199 |   4094 |    105 |    133 |   3172 |   5 |  839.8 |
               +--------+--------+--------+--------+--------+-----+--------+

Top non-repeatable levels by time:
     D:4: 1585 daAuts
     D:2: 927 daAuts
     D:3: 827 daAuts
     D:1: 621 daAuts
     D:5: 237 daAuts
